Map: Lost and Found LE

Players

iGRushcrazy (Rushcrazy)

  • Race: Protoss Protoss
  • Spawn Location: 1:00

PtitDrogo - Winner!

  • Race: Protoss Protoss
  • Spawn Location: 7:00

Event: WCS Valencia 2018

VOD

Have the link to the VOD?

Description

Time

  • Played on: July 12, 2018, 7:09 a.m.
  • Length: 8:17

All games in this series

Show
View Real Time Build Order
Export as new Build Order

iGRushcrazy Protoss 

Build Orders: Blink Stalkers, Zealot Archon 

Get SALT Encoding   

  12  0:00  Probe  
  13  0:13  Probe  
  14  0:20  Pylon  
  14  0:25  Probe  
  15  0:34  Probe  
  15  0:40  Gateway  
  15  0:42  Probe  
  16  0:49  Assimilator  
  17  0:51  Probe  
  18  0:59  Probe, Assimilator  
  19  1:08  Probe  
  19  1:15  Gateway  
  20  1:19  Probe  
  21  1:27  Cybernetics Core  
  21  1:31  Probe  
  22  1:37  Pylon  
  22  1:43  Probe  
  23  1:55  Warp Gate, Probe  
  24  2:03  Stalker  
  24  2:04  Sentry  
  24  2:07  Probe  
  29  2:12  Pylon  
  29  2:26  Pylon  
  29  2:31  Stalker  
  29  2:33  Stalker  
  33  2:49  Nexus  
  33  3:04  Twilight Council  
  33  3:06  Stalker  
  33  3:10  Sentry  
  37  3:20  Pylon  
  37  3:24  Blink  
  37  3:25  Probe  
  38  3:37  Probe  
  36  3:56  Probe  
  37  4:03  Probe  
  37  4:05  Stalker  
  37  4:07  Stalker  
  37  4:08  Probe  
  43  4:15  Probe  
  44  4:20  Probe  
  44  4:22  Robotics Facility, Phoenix  
  45  4:26  Probe  
  45  4:31  Adept x2  
  50  4:33  Probe  
  50  4:34  Probe  
  51  4:42  Probe  
  51  4:43  Pylon  
  51  4:45  Probe  
  53  4:51  Forge  
  54  4:53  Probe  
  54  4:57  Probe  
  54  5:06  Probe  
  55  5:09  Probe  
  55  5:10  Observer  
  55  5:15  Probe  
  55  5:20  Assimilator  
  57  5:21  Assimilator, Probe  
  57  5:23  Protoss Ground Weapons Level 1, Probe  
  56  5:32  Probe  
  56  5:33  Probe  
  56  5:35  Immortal, Gateway  
  57  5:38  Gateway  
  57  5:41  Pylon  
  62  5:45  Probe  
  63  5:54  Templar Archives  
  63  5:56  Probe  
  64  6:05  Nexus, Warp Prism  
  64  6:07  Pylon  
  64  6:14  Probe  
  64  6:17  Pylon  
  67  6:30  Probe  
  68  6:35  Probe  
  68  6:38  Gateway  
  68  6:39  Gateway  
  69  6:42  Probe  
  69  6:45  Adept x2  
  74  6:48  Probe  
  74  6:52  Gateway  
  75  6:58  Gateway  
  75  6:59  Immortal, Pylon  
  79  7:03  Probe  
  80  7:09  High Templar x4  
  80  7:13  Probe  
  80  7:14  Archon x2  
  89  7:21  Probe  
  89  7:22  Gateway, Probe  
  91  7:27  Gateway  
  91  7:28  Probe  
  93  7:37  Probe  
  93  7:42  Zealot x5  
  103  7:47  Probe  
  101  7:54  Zealot  
  91  8:03  Zealot x2  
  91  8:04  Zealot x3  
Show
View Real Time Build Order
Export as new Build Order

PtitDrogo Protoss - Winner!

Build Orders: Phoenix Opening, Zealot Archon 

Get SALT Encoding   

  12  0:00  Probe  
  13  0:12  Probe  
  14  0:16  Pylon  
  14  0:24  Probe  
  15  0:32  Probe  
  15  0:39  Gateway  
  15  0:40  Probe  
  16  0:45  Assimilator  
  17  0:51  Probe  
  18  0:59  Assimilator  
  18  1:00  Probe  
  19  1:08  Probe  
  19  1:10  Gateway  
  19  1:17  Probe  
  21  1:26  Cybernetics Core  
  21  1:29  Probe  
  22  1:36  Pylon  
  22  1:42  Probe  
  23  1:52  Warp Gate  
  23  1:54  Probe  
  24  2:02  Sentry, Stalker  
  28  2:12  Pylon  
  28  2:32  Stalker x2  
  32  2:44  Nexus  
  32  2:51  Shield Battery  
  32  2:53  Probe  
  33  3:05  Probe  
  34  3:08  Sentry x2, Phoenix  
  34  3:11  Pylon  
  38  3:18  Probe  
  39  3:26  Pylon  
  38  3:31  Robotics Facility  
  38  3:37  Shield Battery  
  38  3:53  Probe  
  38  3:54  Probe  
  38  4:01  Probe  
  38  4:02  Probe  
  40  4:08  Forge  
  42  4:10  Probe  
  42  4:11  Observer  
  42  4:12  Probe  
  44  4:23  Probe  
  47  4:24  Adept x2, Probe  
  47  4:27  Protoss Ground Weapons Level 1  
  51  4:35  Immortal, Probe  
  51  4:36  Probe  
  57  4:47  Probe, Pylon  
  57  4:50  Probe  
  59  4:59  Shield Battery, Probe  
  60  5:02  Probe  
  61  5:11  Probe  
  61  5:15  Probe  
  61  5:17  Immortal  
  66  5:23  Probe  
  66  5:27  Probe  
  66  5:29  Assimilator  
  66  5:32  Assimilator  
  66  5:34  Twilight Council  
  66  5:35  Probe  
  67  5:39  Probe  
  67  5:42  Gateway x2  
  68  5:46  Pylon  
  69  5:51  Pylon  
  69  5:57  Adept  
  70  6:00  Gateway  
  70  6:01  Gateway  
  70  6:02  Charge  
  70  6:06  Immortal  
  70  6:10  Templar Archives  
  74  6:23  Gateway  
  74  6:26  Gateway  
  74  6:31  Pylon  
  74  6:45  Warp Prism  
  76  6:48  Nexus  
  76  6:52  High Templar  
  76  6:53  High Templar  
  80  6:54  Zealot  
  80  6:57  Zealot, Archon  
  84  7:02  Pylon  
  84  7:16  Zealot  
  84  7:17  Zealot x2  
  90  7:25  Pylon  
  90  7:26  Pylon  
  90  7:30  Zealot x3  
  90  7:31  Zealot  
  98  7:42  Pylon  
  97  7:50  Zealot x3  
  97  7:51  Zealot x2  
  105  7:55  Zealot  
  105  7:56  Zealot  
  97  8:09  Zealot  
  91  8:16  Zealot x2  
Tags
 
Add a new tag
Caveats
  • Supply blocks, unpowered buildings, or Contaminate may cause inaccurate times.
  • Supply counts are checked every 10 seconds.